[Event "FICS rated standard game"]
[Site "FICS freechess.org"]
[FICSGamesDBGameNo "20001073"]
[White "yendis"]
[Black "Virginia"]
[WhiteElo "1404"]
[BlackElo "1584"]
[WhiteRD "na"]
[BlackRD "na"]
[TimeControl "900+0"]
[Date "1999.06.25"]
[Time "21:19:00"]
[WhiteClock "0:15:00.000"]
[BlackClock "0:15:00.000"]
[ECO "C47"]
[PlyCount "77"]
[Result "1-0"]

1. e4 e5 2. Nf3 Nc6 3. Bc4 Nf6 4. Nc3 h6 5. d3 Bb4 6. Bd2 Nd4 7. O-O d6 8. Nd5 Nxd5 9. Bxd5 Bg4 10. c3 Bxf3 11. gxf3 Bxc3 12. bxc3 Nb5 13. a4 c6 14. Bb3 Nc7 15. f4 Qh4 16. fxe5 dxe5 17. Kh1 g5 18. Rg1 Rg8 19. Rg4 Qxf2 20. Rg2 Qh4 21. Qf1 g4 22. Qxf7+ Kd8 23. Qxg8+ Ne8 24. Bf7 Kd7 25. Bxe8+ Rxe8 26. Qxg4+ Qxg4 27. Rxg4 h5 28. Rg7+ Kd8 29. Bg5+ Kc8 30. Rg1 b5 31. axb5 cxb5 32. Rxa7 Kb8 33. Rga1 Re6 34. Ra8+ Kb7 35. R1a7+ Kc6 36. Ra6+ Kd7 37. Rxe6 Kxe6 38. Ra6+ Kd7 39. Rb6 {Black resigns} 1-0

[Event "FICS rated lightning game"]
[Site "FICS freechess.org"]
[FICSGamesDBGameNo "20001072"]
[White "Gilun"]
[Black "StefanS"]
[WhiteElo "1923"]
[BlackElo "1700"]
[WhiteRD "na"]
[BlackRD "na"]
[TimeControl "60+0"]
[Date "1999.06.25"]
[Time "21:02:00"]
[WhiteClock "0:01:00.000"]
[BlackClock "0:01:00.000"]
[ECO "D00"]
[PlyCount "54"]
[Result "0-1"]

1. d4 d5 2. g3 c6 3. Bg2 Nf6 4. Bg5 g6 5. Bxf6 exf6 6. Nd2 Bg7 7. e4 O-O 8. exd5 cxd5 9. Ne2 Re8 10. O-O Nc6 11. Nf4 Be6 12. c3 g5 13. Nh5 Bf5 14. Nxg7 Kxg7 15. f4 g4 16. Re1 Be6 17. Qc2 f5 18. h3 gxh3 19. g4 fxg4 20. f5 Bd7 21. Bh1 Qg5 22. Rf1 g3 23. Bxd5 h2+ 24. Kg2 Re2+ 25. Kf3 Qe3+ 26. Kg4 h5+ 27. Kh4 g2 {White forfeits on time} 0-1

[Event "FICS rated blitz game"]
[Site "FICS freechess.org"]
[FICSGamesDBGameNo "20001071"]
[White "andreasw"]
[Black "LouisXIV"]
[WhiteElo "1891"]
[BlackElo "1697"]
[WhiteRD "na"]
[BlackRD "na"]
[TimeControl "180+0"]
[Date "1999.06.25"]
[Time "15:34:00"]
[WhiteClock "0:03:00.000"]
[BlackClock "0:03:00.000"]
[ECO "B01"]
[PlyCount "65"]
[Result "1-0"]

1. e4 d5 2. exd5 e6 3. dxe6 Bxe6 4. Nf3 Bd6 5. g3 Nf6 6. Bg2 c6 7. O-O Nbd7 8. Re1 Qc7 9. d4 O-O-O 10. c3 h5 11. Qa4 Kb8 12. Be3 Nd5 13. Nbd2 Nxe3 14. Rxe3 h4 15. Nxh4 Rxh4 16. gxh4 Bxh2+ 17. Kf1 Nf6 18. Nf3 Bd5 19. Nxh2 Bxg2+ 20. Kxg2 Nd5 21. Re5 Qd6 22. h5 Nf4+ 23. Kf1 Nd3 24. Nf3 Nxe5 25. Nxe5 f6 26. Nf7 Qh2 27. Nxd8 Qh1+ 28. Ke2 Qxa1 29. Qb4 Kc7 30. Qe7+ Kb6 31. Qxb7+ Ka5 32. Nxc6+ Ka4 33. Qb4# {Black checkmated} 1-0

[Event "FICS rated blitz game"]
[Site "FICS freechess.org"]
[FICSGamesDBGameNo "20001070"]
[White "Sashka"]
[Black "stefanetti"]
[WhiteElo "1598"]
[BlackElo "1795"]
[WhiteRD "na"]
[BlackRD "na"]
[TimeControl "180+0"]
[Date "1999.06.25"]
[Time "12:24:00"]
[WhiteClock "0:03:00.000"]
[BlackClock "0:03:00.000"]
[ECO "B12"]
[PlyCount "87"]
[Result "1-0"]

1. e4 c6 2. d4 d5 3. e5 Bf5 4. Nf3 e6 5. b3 Nd7 6. c4 dxc4 7. bxc4 Bb4+ 8. Bd2 Bxd2+ 9. Qxd2 Nb6 10. Nc3 Ne7 11. Be2 O-O 12. O-O Bg6 13. c5 Nbd5 14. Bd3 Nxc3 15. Bxg6 Nxg6 16. Qxc3 b5 17. cxb6 Qxb6 18. Rab1 Qc7 19. Rfc1 Rfc8 20. Qc5 Nf4 21. Qc2 Nd5 22. g3 Rab8 23. Rxb8 Qxb8 24. Qa4 Qc7 25. Rc5 h6 26. Ra5 Nc3 27. Qa3 Nb5 28. Qa4 Qb6 29. Ra6 Qd8 30. Kg2 Qd5 31. Qb3 Qe4 32. a4 Nxd4 33. Qe3 Qxe3 34. fxe3 Nxf3 35. Kxf3 Rc7 36. a5 Kf8 37. Ke4 Ke7 38. Kd4 c5+ 39. Kc4 Kd7 40. Rd6+ Kc8 41. e4 g6 42. g4 h5 43. g5 h4 44. h3 {Black forfeits on time} 1-0

[Event "FICS rated blitz game"]
[Site "FICS freechess.org"]
[FICSGamesDBGameNo "20001069"]
[White "moodini"]
[Black "mattsson"]
[WhiteElo "1429"]
[BlackElo "1354"]
[WhiteRD "na"]
[BlackRD "na"]
[TimeControl "180+0"]
[Date "1999.06.25"]
[Time "10:33:00"]
[WhiteClock "0:03:00.000"]
[BlackClock "0:03:00.000"]
[ECO "C11"]
[PlyCount "61"]
[Result "1-0"]

1. e4 e6 2. d4 d5 3. Nc3 Nf6 4. e5 Nfd7 5. f4 c5 6. Nf3 Nc6 7. Be3 cxd4 8. Nxd4 Bb4 9. Qd2 O-O 10. a3 Ba5 11. h4 Bb6 12. Rh3 Nxd4 13. Bxd4 Bxd4 14. Qxd4 Qb6 15. Qxb6 Nxb6 16. O-O-O Bd7 17. Nb5 Bxb5 18. Bxb5 a6 19. Be2 Rac8 20. Rdd3 Nc4 21. Rc3 b5 22. Bxc4 dxc4 23. Rhe3 Rcd8 24. Re2 Rd4 25. g3 Rfd8 26. Re1 h6 27. Rce3 Rd2 28. R3e2 R2d3 29. cxd3 cxd3 30. Rd2 Rc8+ 31. Kb1 {Black resigns} 1-0

[Event "FICS rated blitz game"]
[Site "FICS freechess.org"]
[FICSGamesDBGameNo "20001068"]
[White "selarosa"]
[Black "Bernardjan"]
[WhiteElo "1436"]
[BlackElo "1418"]
[WhiteRD "na"]
[BlackRD "na"]
[TimeControl "180+0"]
[Date "1999.06.25"]
[Time "08:05:00"]
[WhiteClock "0:03:00.000"]
[BlackClock "0:03:00.000"]
[ECO "C34"]
[PlyCount "43"]
[Result "1-0"]

1. e4 e5 2. f4 exf4 3. Bc4 d6 4. Nf3 Bg4 5. O-O Nf6 6. d3 Be7 7. Nc3 O-O 8. Bxf4 Nc6 9. Ne2 Nh5 10. c3 Nxf4 11. Ng3 Ng6 12. Qd2 Bxf3 13. Rxf3 Nce5 14. Rf2 Nxc4 15. dxc4 Bg5 16. Qe2 Bh4 17. Raf1 Qe7 18. Qf3 Ne5 19. Qf4 Bg5 20. Qxf7+ Rxf7 21. Rxf7 Nxf7 22. Rxf7 {Black forfeits on time} 1-0

[Event "FICS rated lightning game"]
[Site "FICS freechess.org"]
[FICSGamesDBGameNo "20001067"]
[White "volcano"]
[Black "Emasculator"]
[WhiteElo "1668"]
[BlackElo "1816"]
[WhiteRD "na"]
[BlackRD "na"]
[TimeControl "60+0"]
[Date "1999.06.25"]
[Time "06:29:00"]
[WhiteClock "0:01:00.000"]
[BlackClock "0:01:00.000"]
[ECO "B02"]
[PlyCount "98"]
[Result "0-1"]

1. e4 d5 2. exd5 Nf6 3. Nc3 Nxd5 4. Nxd5 Qxd5 5. Nf3 Nc6 6. d4 Bg4 7. Be2 O-O-O 8. c4 Qf5 9. O-O Bxf3 10. Bxf3 Nxd4 11. Qa4 Nxf3+ 12. gxf3 Kb8 13. Be3 b6 14. c5 e6 15. cxb6 cxb6 16. Kh1 Bd6 17. Qb5 Bc7 18. Qxf5 exf5 19. Rfd1 g6 20. Rxd8+ Rxd8 21. Rc1 Kb7 22. Kg1 Be5 23. b3 Rd7 24. Rc2 Rd1+ 25. Kg2 Rd7 26. f4 Bd6 27. Bc1 Be7 28. Bb2 Rc7 29. Re2 Rd7 30. Be5 Bd6 31. Bxd6 Rxd6 32. Re6 fxe6 33. Kf3 Rd2 34. Kg3 Rxa2 35. f3 Ra3 36. b4 Rb3 37. b5 Rxb5 38. h4 a5 39. h5 a4 40. hxg6 hxg6 41. Kh4 a3 42. Kg5 Rb4 43. Kxg6 Rxf4 44. Kf6 Rxf3 45. Kxe6 a2 46. Ke5 a1=Q+ 47. Kd5 Re3 48. Kd6 Qe5+ 49. Kd7 Rd3# {White checkmated} 0-1

[Event "FICS rated blitz game"]
[Site "FICS freechess.org"]
[FICSGamesDBGameNo "20001066"]
[White "guidog"]
[Black "Moondog"]
[WhiteElo "1776"]
[BlackElo "1683"]
[WhiteRD "na"]
[BlackRD "na"]
[TimeControl "180+0"]
[Date "1999.06.25"]
[Time "05:22:00"]
[WhiteClock "0:03:00.000"]
[BlackClock "0:03:00.000"]
[ECO "D07"]
[PlyCount "102"]
[Result "1/2-1/2"]

1. d4 d5 2. c4 Nc6 3. Nc3 dxc4 4. d5 Ne5 5. e4 Nf6 6. Nf3 Bg4 7. Be2 Bxf3 8. Bxf3 Nd3+ 9. Kf1 Nxc1 10. Rxc1 e6 11. Qa4+ Qd7 12. Qxc4 a6 13. dxe6 Qxe6 14. Nd5 Nxd5 15. exd5 Qd6 16. Qxc7 Qxc7 17. Rxc7 Bd6 18. Rxb7 O-O 19. g3 Rab8 20. Rxb8 Rxb8 21. b3 a5 22. Kg2 a4 23. Rb1 axb3 24. Rxb3 Rxb3 25. axb3 Kf8 26. Be2 Ke7 27. f4 Bc5 28. Kf3 Kd6 29. Bc4 f6 30. h4 Bb4 31. g4 g6 32. h5 gxh5 33. gxh5 h6 34. Kg4 Ke7 35. Kf5 Bd2 36. Bb5 Kd6 37. Bc6 Ke7 38. Ke4 Kd6 39. f5 Bb4 40. Kd4 Bc5+ 41. Kc4 Ba3 42. Be8 Ke5 43. Bg6 Bd6 44. b4 Bb8 45. b5 Kd6 46. Bf7 Ba7 47. Be6 Bb6 48. Kb4 Bc7 49. Kc4 Bb6 50. Kd3 Bc7 51. Ke4 Bb6 {Game drawn by mutual agreement} 1/2-1/2

[Event "FICS rated blitz game"]
[Site "FICS freechess.org"]
[FICSGamesDBGameNo "20001065"]
[White "Chessnull"]
[Black "smok"]
[WhiteElo "1681"]
[BlackElo "1559"]
[WhiteRD "na"]
[BlackRD "na"]
[TimeControl "180+0"]
[Date "1999.06.25"]
[Time "04:06:00"]
[WhiteClock "0:03:00.000"]
[BlackClock "0:03:00.000"]
[ECO "A10"]
[PlyCount "69"]
[Result "1-0"]

1. c4 f5 2. Nc3 Nf6 3. g3 e6 4. Bg2 d5 5. cxd5 exd5 6. Qc2 c6 7. d3 Bd6 8. Nf3 O-O 9. O-O Ng4 10. e3 Qf6 11. b3 Qh6 12. Bb2 Nd7 13. h3 Ngf6 14. Ne2 f4 15. Nxf4 Bxf4 16. exf4 Nb6 17. Kh2 Nh5 18. Nh4 Nxf4 19. Qd2 Nxg2 20. Qxh6 gxh6 21. Kxg2 Bf5 22. Nxf5 Rxf5 23. Rae1 Raf8 24. Re7 Rb8 25. Be5 Ra8 26. Bf4 Rf7 27. Rfe1 Rxe7 28. Rxe7 d4 29. Rxb7 Nd5 30. Bxh6 a5 31. Bg7 a4 32. Bxd4 axb3 33. axb3 Rc8 34. Rg7+ Kf8 35. Rxh7 {Black resigns} 1-0

[Event "FICS rated blitz game"]
[Site "FICS freechess.org"]
[FICSGamesDBGameNo "20001064"]
[White "stoneeybridge"]
[Black "vlk"]
[WhiteElo "1399"]
[BlackElo "1180"]
[WhiteRD "na"]
[BlackRD "na"]
[TimeControl "120+12"]
[Date "1999.06.25"]
[Time "03:58:00"]
[WhiteClock "0:02:00.000"]
[BlackClock "0:02:00.000"]
[ECO "B21"]
[PlyCount "75"]
[Result "0-1"]

1. e4 c5 2. f4 d5 3. exd5 Nf6 4. Nf3 Nxd5 5. Bc4 g6 6. d3 Bg7 7. Qe2 O-O 8. O-O Nc6 9. Re1 Bg4 10. h3 Nd4 11. Qe4 Nxf3+ 12. gxf3 Be6 13. Bxd5 Bxd5 14. Qxe7 Qxe7 15. Rxe7 Rfe8 16. Rxe8+ Rxe8 17. Bd2 Bxb2 18. Nc3 Bxa1 19. Nxd5 Re2 20. Bc3 Bxc3 21. Nxc3 Rxc2 22. Ne4 Kg7 23. a4 b6 24. Kf1 Ra2 25. Nc3 Ra3 26. Nb5 Rxa4 27. Ke2 a6 28. Nc7 b5 29. Kd2 c4 30. dxc4 Rxc4 31. Nxa6 Rxf4 32. Ke3 g5 33. Nc7 b4 34. Nd5 Rc4 35. Kd3 Rh4 36. Kc2 Rxh3 37. Nxb4 Rxf3 38. Nd5 {White resigns} 0-1

[Event "FICS rated blitz game"]
[Site "FICS freechess.org"]
[FICSGamesDBGameNo "20001063"]
[White "ddp"]
[Black "Mukul"]
[WhiteElo "1601"]
[BlackElo "1599"]
[WhiteRD "na"]
[BlackRD "na"]
[TimeControl "180+0"]
[Date "1999.06.25"]
[Time "02:07:00"]
[WhiteClock "0:03:00.000"]
[BlackClock "0:03:00.000"]
[ECO "B07"]
[PlyCount "98"]
[Result "0-1"]

1. e4 d6 2. d4 e6 3. Bf4 Nf6 4. f3 Be7 5. Bb5+ c6 6. Ba4 O-O 7. Ne2 Nbd7 8. O-O Qb6 9. Bb3 e5 10. Be3 exd4 11. Bxd4 c5 12. Bc3 Re8 13. Kh1 a5 14. Nd2 a4 15. Nc4 Qd8 16. Nxd6 Bxd6 17. Bxf7+ Kxf7 18. Qxd6 Kg8 19. Rad1 Qe7 20. Rd2 Qxd6 21. Rxd6 b5 22. a3 Bb7 23. Nf4 Ne5 24. Rfd1 b4 25. axb4 cxb4 26. Bxb4 Nc4 27. Rd7 Bc6 28. Rc7 Bb5 29. Bc3 Ne3 30. Rd2 Nc4 31. Rd1 Red8 32. Rxd8+ Rxd8 33. h3 h6 34. Ne6 Rd1+ 35. Kh2 Ne8 36. Rb7 Ba6 37. Ra7 Rd6 38. Nxg7 Nxg7 39. Rxg7+ Kf8 40. Rh7 Nxb2 41. Bxb2 Rd2 42. Rxh6 Bf1 43. Rg6 Rxc2 44. Be5 a3 45. h4 a2 46. Kh3 Rc5 47. Ba1 Ra5 48. h5 Rxh5+ 49. Kg4 Ra5 {White forfeits on time} 0-1

[Event "FICS rated lightning game"]
[Site "FICS freechess.org"]
[FICSGamesDBGameNo "20001062"]
[White "Fideli"]
[Black "somebloke"]
[WhiteElo "1827"]
[BlackElo "1232"]
[WhiteRD "na"]
[BlackRD "na"]
[TimeControl "60+0"]
[Date "1999.06.25"]
[Time "02:05:00"]
[WhiteClock "0:01:00.000"]
[BlackClock "0:01:00.000"]
[ECO "D00"]
[PlyCount "74"]
[Result "1-0"]

1. d4 d5 2. e3 Bf5 3. Bd3 Bxd3 4. cxd3 e6 5. Nf3 Nc6 6. Qe2 Bd6 7. Bd2 Nf6 8. Nc3 O-O 9. a3 Qe7 10. b4 Nxb4 11. axb4 Bxb4 12. Rb1 Bxc3 13. Bxc3 b6 14. Bd2 c5 15. O-O c4 16. dxc4 dxc4 17. Qxc4 Nd5 18. Qe2 Rfc8 19. e4 Nf6 20. Bb4 Qe8 21. e5 Nd5 22. Bd6 Rc2 23. Qe4 Rac8 24. Rb3 Nc3 25. Qe3 Nd5 26. Qe4 a5 27. Qh4 g6 28. Ng5 h5 29. Rb5 Nc3 30. Rxb6 Rc4 31. Rb7 Rxd4 32. Qg3 Rc4 33. Nxf7 Qxf7 34. Rxf7 Kxf7 35. Qf3+ Kg7 36. Qf8+ Kh7 37. Qf7+ Kh6 {Black forfeits on time} 1-0

[Event "FICS rated blitz game"]
[Site "FICS freechess.org"]
[FICSGamesDBGameNo "20001061"]
[White "jsb"]
[Black "DanF"]
[WhiteElo "1487"]
[BlackElo "1421"]
[WhiteRD "na"]
[BlackRD "na"]
[TimeControl "300+0"]
[Date "1999.06.24"]
[Time "23:24:00"]
[WhiteClock "0:05:00.000"]
[BlackClock "0:05:00.000"]
[ECO "D06"]
[PlyCount "105"]
[Result "1-0"]

1. d4 d5 2. c4 Nf6 3. Nf3 Bf5 4. e3 e6 5. Nc3 Bb4 6. Bd2 O-O 7. Rc1 c5 8. a3 cxd4 9. Nxd4 Bxc3 10. Bxc3 Bg6 11. cxd5 Qxd5 12. Nf3 Qxd1+ 13. Rxd1 Nc6 14. Be2 Rad8 15. O-O Rd7 16. Bxf6 Rxd1 17. Rxd1 gxf6 18. Nd4 Rd8 19. Nxc6 Rxd1+ 20. Bxd1 bxc6 21. Kf1 Kf8 22. Ba4 c5 23. Ke2 Ke7 24. Kd2 Kd6 25. Kc3 e5 26. h4 f5 27. b4 cxb4+ 28. axb4 f6 29. Kc4 Bf7+ 30. Kc3 Bd5 31. g3 Kc7 32. Bc2 Be4 33. Bxe4 fxe4 34. Kc4 Kb6 35. g4 h6 36. h5 a6 37. Kb3 Kb5 38. Kc3 Ka4 39. Kc4 Ka3 40. b5 axb5+ 41. Kxb5 Kb3 42. Kc5 Kc3 43. Kd5 Kd3 44. Ke6 Ke2 45. Kxf6 Kxf2 46. Kxe5 Kxe3 47. g5 Kf3 48. gxh6 e3 49. h7 e2 50. h8=Q e1=Q+ 51. Kf5 Qa5+ 52. Kg6 Qa6+ 53. Qf6+ {Black resigns} 1-0

[Event "FICS rated blitz game"]
[Site "FICS freechess.org"]
[FICSGamesDBGameNo "20001060"]
[White "akhalil"]
[Black "Belgrade"]
[WhiteElo "1583"]
[BlackElo "1554"]
[WhiteRD "na"]
[BlackRD "na"]
[TimeControl "240+5"]
[Date "1999.06.24"]
[Time "23:07:00"]
[WhiteClock "0:04:00.000"]
[BlackClock "0:04:00.000"]
[ECO "C62"]
[PlyCount "54"]
[Result "0-1"]

1. e4 e5 2. Nf3 Nc6 3. Bb5 d6 4. O-O Bg4 5. d3 Qd7 6. Bg5 h6 7. Bh4 g5 8. Bg3 Be7 9. Nxe5 dxe5 10. Qd2 f6 11. c4 h5 12. f3 Be6 13. Bf2 a6 14. Ba4 Kf7 15. Rd1 h4 16. Nc3 g4 17. f4 g3 18. hxg3 hxg3 19. Bxg3 Bc5+ 20. Bf2 Bxf2+ 21. Qxf2 Nh6 22. Bxc6 bxc6 23. fxe5 Ng4 24. Qf3 Nxe5 25. Qe3 Rag8 26. Rd2 Ng4 27. Qf4 Qd4+ {White resigns} 0-1

[Event "FICS rated blitz game"]
[Site "FICS freechess.org"]
[FICSGamesDBGameNo "20001059"]
[White "motive"]
[Black "Guadalajara"]
[WhiteElo "1321"]
[BlackElo "1423"]
[WhiteRD "na"]
[BlackRD "na"]
[TimeControl "120+12"]
[Date "1999.06.24"]
[Time "21:08:00"]
[WhiteClock "0:02:00.000"]
[BlackClock "0:02:00.000"]
[ECO "C54"]
[PlyCount "110"]
[Result "0-1"]

1. e4 e5 2. Nf3 Nc6 3. Bc4 Bc5 4. c3 Nf6 5. d4 exd4 6. cxd4 Bb4+ 7. Bd2 Bxd2+ 8. Qxd2 O-O 9. e5 Qe7 10. O-O Ng4 11. h3 Nh6 12. Nc3 d6 13. Nd5 Qd8 14. Qg5 Qxg5 15. Nxg5 dxe5 16. dxe5 Nxe5 17. Ne7+ Kh8 18. Be2 Re8 19. Nd5 Rd8 20. Nxc7 Rb8 21. f4 Rd2 22. fxe5 Rxe2 23. Nxf7+ Nxf7 24. Rxf7 h6 25. e6 Bxe6 26. Nxe6 Rxe6 27. Raf1 Kg8 28. Rd7 Re2 29. Rff7 Rxb2 30. Rxg7+ Kf8 31. Rh7 Kg8 32. Rxh6 Rxa2 33. Rg6+ Kf8 34. Rh7 Re8 35. Rh8+ Kf7 36. Rxe8 Kxe8 37. Rg7 b5 38. g4 b4 39. Rb7 a5 40. Kf1 Rh2 41. Ra7 b3 42. Rxa5 b2 43. Rb5 Rh1+ 44. Kg2 b1=Q 45. Rxb1 Rxb1 46. Kg3 Kf7 47. h4 Kg6 48. Kf4 Rb4+ 49. Kg3 Ra4 50. Kh3 Ra3+ 51. Kg2 Kf6 52. Kf2 Ke5 53. h5 Kf4 54. h6 Kxg4 55. h7 Ra8 {White resigns} 0-1

[Event "FICS rated blitz game"]
[Site "FICS freechess.org"]
[FICSGamesDBGameNo "20001058"]
[White "Petrisian"]
[Black "jope"]
[WhiteElo "1453"]
[BlackElo "1629"]
[WhiteRD "na"]
[BlackRD "na"]
[TimeControl "120+12"]
[Date "1999.06.24"]
[Time "21:07:00"]
[WhiteClock "0:02:00.000"]
[BlackClock "0:02:00.000"]
[ECO "D02"]
[PlyCount "136"]
[Result "0-1"]

1. d4 d5 2. Nf3 c6 3. Bf4 Nf6 4. c3 Bf5 5. Qb3 Qb6 6. Nbd2 Nbd7 7. e3 e6 8. c4 Be7 9. c5 Qxb3 10. axb3 O-O 11. b4 Nh5 12. Bc7 Rfc8 13. Bg3 f6 14. b5 Nxg3 15. hxg3 e5 16. Be2 exd4 17. exd4 Re8 18. O-O Bxc5 19. bxc6 bxc6 20. dxc5 Rxe2 21. Nd4 Rxd2 22. Nxf5 Nxc5 23. Rac1 Ne4 24. Rxc6 Rxb2 25. Ne7+ Kf7 26. Nxd5 Rd8 27. Ne3 a5 28. Rc4 Nd2 29. Rc7+ Kg6 30. Ra1 Nb3 31. Ra3 Rdd2 32. Nc4 Rb1+ 33. Kh2 Rxf2 34. Nxa5 Nxa5 35. Rxa5 Rbb2 36. Raa7 Rxg2+ 37. Kh1 Rgc2 38. Rxg7+ Kh6 39. Rxh7+ Kg6 40. Rhg7+ Kh6 41. Rh7+ Kg5 42. Ra1 Rg2 43. Rha7 Rxg3 44. R7a2 Rb4 45. Rg2 Rbg4 46. Rxg3 Rxg3 47. Kh2 Rg4 48. Kh3 f5 49. Ra8 Kf6 50. Ra5 Kg5 51. Ra8 Kf4 52. Ra4+ Kf3 53. Ra3+ Kf4 54. Ra4+ Kg5 55. Ra8 Rh4+ 56. Kg3 f4+ 57. Kf3 Rh3+ 58. Kg2 Rb3 59. Rg8+ Kf5 60. Rf8+ Ke4 61. Re8+ Kd3 62. Rd8+ Ke2 63. Ra8 f3+ 64. Kh2 Rb2 65. Re8+ Kf1+ 66. Kg3 f2 67. Kh2 Re2 68. Rf8 Ke1 {White resigns} 0-1

[Event "FICS rated blitz game"]
[Site "FICS freechess.org"]
[FICSGamesDBGameNo "20001055"]
[White "donfelder"]
[Black "DonVito"]
[WhiteElo "1540"]
[BlackElo "1605"]
[WhiteRD "na"]
[BlackRD "na"]
[TimeControl "180+0"]
[Date "1999.06.24"]
[Time "16:09:00"]
[WhiteClock "0:03:00.000"]
[BlackClock "0:03:00.000"]
[ECO "B54"]
[PlyCount "61"]
[Result "1-0"]

1. e4 c5 2. Nf3 d6 3. d4 cxd4 4. Nxd4 a6 5. Nc3 g6 6. Be3 Bg7 7. Bc4 Nf6 8. Qd2 O-O 9. O-O-O Nbd7 10. h4 Ne5 11. Bb3 Qa5 12. f3 Be6 13. h5 Bxb3 14. Nxb3 Qc7 15. hxg6 fxg6 16. Bh6 Nc4 17. Qg5 Nh5 18. Bxg7 Nxg7 19. Nd5 Qd7 20. Nxe7+ Kf7 21. Rxh7 Qxe7 22. Rxg7+ Kxg7 23. Qxe7+ Rf7 24. Qe6 Ne3 25. Rxd6 Nxg2 26. Qxg6+ Kf8 27. Qxg2 Ke7 28. e5 Raf8 29. f4 Rxf4 30. Qxb7+ Ke8 31. Qd7# {Black checkmated} 1-0

[Event "FICS rated blitz game"]
[Site "FICS freechess.org"]
[FICSGamesDBGameNo "20001054"]
[White "Rodolfo"]
[Black "hemphandle"]
[WhiteElo "1535"]
[BlackElo "1528"]
[WhiteRD "na"]
[BlackRD "na"]
[TimeControl "180+0"]
[Date "1999.06.24"]
[Time "14:17:00"]
[WhiteClock "0:03:00.000"]
[BlackClock "0:03:00.000"]
[ECO "A02"]
[PlyCount "48"]
[Result "0-1"]

1. f4 Nc6 2. Nf3 d6 3. e3 e5 4. Bb5 e4 5. Bxc6+ bxc6 6. Nd4 Bb7 7. O-O Nf6 8. b3 Be7 9. Bb2 O-O 10. d3 exd3 11. cxd3 Nd5 12. e4 Ne3 13. Qe2 Nxf1 14. Qxf1 Bf6 15. Nd2 c5 16. e5 dxe5 17. Nf5 exf4 18. Bxf6 Qxf6 19. g4 g6 20. Nh6+ Kh8 21. Re1 Qh4 22. Nxf7+ Rxf7 23. Re6 f3 24. Qa1+ Kg8 {White forfeits on time} 0-1

[Event "FICS rated lightning game"]
[Site "FICS freechess.org"]
[FICSGamesDBGameNo "20001053"]
[White "simonw"]
[Black "Bulawayo"]
[WhiteElo "1900"]
[BlackElo "1513"]
[WhiteRD "na"]
[BlackRD "na"]
[TimeControl "60+0"]
[Date "1999.06.24"]
[Time "13:40:00"]
[WhiteClock "0:01:00.000"]
[BlackClock "0:01:00.000"]
[ECO "E06"]
[PlyCount "73"]
[Result "1-0"]

1. d4 e6 2. c4 d5 3. Nf3 Nf6 4. g3 Be7 5. Bg2 O-O 6. O-O c6 7. Qc2 b6 8. Nbd2 Ba6 9. b3 Nbd7 10. Bb2 dxc4 11. Nxc4 Rc8 12. Nce5 Nxe5 13. dxe5 Nd5 14. Rfd1 c5 15. e4 Ne3 16. Rxd8 Nxc2 17. Rxc8 Nxa1 18. Rxf8+ Kxf8 19. Bxa1 f6 20. exf6 Bxf6 21. Bxf6 gxf6 22. e5 f5 23. Nd2 h6 24. f4 Ke7 25. Kf2 Kd7 26. Ke3 Bb5 27. Nc4 Bxc4 28. bxc4 a6 29. Bf3 b5 30. cxb5 axb5 31. h3 b4 32. Kd3 Kc7 33. Kc4 Kb6 34. g4 fxg4 35. hxg4 Ka5 36. Bc6 Kb6 37. Bd7 {Black resigns} 1-0

[Event "FICS rated blitz game"]
[Site "FICS freechess.org"]
[FICSGamesDBGameNo "20001052"]
[White "Habanero"]
[Black "nakita"]
[WhiteElo "1253"]
[BlackElo "1519"]
[WhiteRD "na"]
[BlackRD "na"]
[TimeControl "180+5"]
[Date "1999.06.24"]
[Time "13:28:00"]
[WhiteClock "0:03:00.000"]
[BlackClock "0:03:00.000"]
[ECO "C34"]
[PlyCount "62"]
[Result "0-1"]

1. e4 e5 2. f4 exf4 3. Nf3 d6 4. Bc4 Be7 5. O-O Be6 6. Bb5+ c6 7. Ba4 Nd7 8. d4 g5 9. Nc3 Nb6 10. Bb3 Bxb3 11. axb3 Qd7 12. Bd2 h5 13. e5 d5 14. Na4 Nxa4 15. bxa4 Nh6 16. h3 Rg8 17. Qe2 Nf5 18. Be1 Qe6 19. g4 Ne3 20. Rf2 hxg4 21. Nd2 gxh3 22. Rh2 g4 23. Bf2 g3 24. Bxe3 gxh2+ 25. Kxh2 Rg2+ 26. Qxg2 hxg2 27. Kxg2 fxe3 28. Nf3 Qg4+ 29. Kf1 Qxf3+ 30. Ke1 Qf2+ 31. Kd1 Qd2# {White checkmated} 0-1

[Event "FICS rated blitz game"]
[Site "FICS freechess.org"]
[FICSGamesDBGameNo "20001051"]
[White "bebe"]
[Black "biliboul"]
[WhiteElo "1289"]
[BlackElo "1388"]
[WhiteRD "na"]
[BlackRD "na"]
[TimeControl "180+0"]
[Date "1999.06.24"]
[Time "12:31:00"]
[WhiteClock "0:03:00.000"]
[BlackClock "0:03:00.000"]
[ECO "C02"]
[PlyCount "58"]
[Result "0-1"]

1. e4 e6 2. d4 d5 3. e5 c5 4. c3 Nc6 5. Nf3 Qb6 6. Bd3 cxd4 7. cxd4 Bd7 8. Bc2 Bb4+ 9. Nc3 Nge7 10. a3 Bxc3+ 11. bxc3 Rc8 12. O-O Ng6 13. h4 Nce7 14. h5 Nf8 15. g4 Rxc3 16. Bd2 Rc4 17. Bb3 Rxd4 18. Nxd4 Qxd4 19. Re1 Nc6 20. Be3 Qxe5 21. Bxa7 Qc7 22. Bc5 b6 23. Bxf8 Rxf8 24. Qxd5 Kd8 25. Qb5 Ne5 26. Qa6 Qc8 27. Qxc8+ Bxc8 28. Red1+ Ke7 29. Rac1 Rd8 {White forfeits on time} 0-1

[Event "FICS rated blitz game"]
[Site "FICS freechess.org"]
[FICSGamesDBGameNo "20001050"]
[White "Brony"]
[Black "drunky"]
[WhiteElo "1468"]
[BlackElo "1644"]
[WhiteRD "na"]
[BlackRD "na"]
[TimeControl "240+3"]
[Date "1999.06.24"]
[Time "11:26:00"]
[WhiteClock "0:04:00.000"]
[BlackClock "0:04:00.000"]
[ECO "C83"]
[PlyCount "36"]
[Result "0-1"]

1. e4 e5 2. Nf3 Nc6 3. Bb5 a6 4. Ba4 Nf6 5. O-O Nxe4 6. d4 b5 7. Bb3 d5 8. dxe5 Be6 9. c3 Be7 10. Nbd2 f5 11. Nxe4 fxe4 12. Nd4 Nxd4 13. Qxd4 O-O 14. f4 c5 15. Qe3 Rc8 16. Bc2 c4 17. Bd2 Bc5 18. Qxc5 Rxc5 {White resigns} 0-1

[Event "FICS rated blitz game"]
[Site "FICS freechess.org"]
[FICSGamesDBGameNo "20001049"]
[White "thesource"]
[Black "frode"]
[WhiteElo "1719"]
[BlackElo "1789"]
[WhiteRD "na"]
[BlackRD "na"]
[TimeControl "180+1"]
[Date "1999.06.24"]
[Time "10:00:00"]
[WhiteClock "0:03:00.000"]
[BlackClock "0:03:00.000"]
[ECO "B02"]
[PlyCount "23"]
[Result "1-0"]

1. e4 d5 2. exd5 Nf6 3. Nc3 Nxd5 4. Bc4 Nb6 5. Bb3 Bf5 6. Nf3 Nc6 7. d3 Qd7 8. Bf4 O-O-O 9. O-O e5 10. Bxe5 Nxe5 11. Nxe5 Qd4 12. Nxf7 {Black forfeits on time} 1-0

[Event "FICS rated blitz game"]
[Site "FICS freechess.org"]
[FICSGamesDBGameNo "20001048"]
[White "Thaum"]
[Black "since"]
[WhiteElo "1147"]
[BlackElo "1169"]
[WhiteRD "na"]
[BlackRD "na"]
[TimeControl "240+12"]
[Date "1999.06.24"]
[Time "09:20:00"]
[WhiteClock "0:04:00.000"]
[BlackClock "0:04:00.000"]
[ECO "D11"]
[PlyCount "131"]
[Result "1/2-1/2"]

1. d4 d5 2. c4 c6 3. Nf3 a6 4. Nc3 b5 5. cxd5 cxd5 6. a3 Bg4 7. e3 Nf6 8. Be2 e6 9. O-O Bd6 10. b4 Qc7 11. h3 Bh5 12. Bb2 Bxf3 13. Bxf3 h5 14. Rc1 Nc6 15. Qd2 g5 16. Rc2 g4 17. hxg4 hxg4 18. Be2 Bh2+ 19. Kh1 g3 20. f3 Nh7 21. Rfc1 Ng5 22. Nxd5 exd5 23. Rxc6 Qd7 24. Qc2 O-O 25. Rc7 Qe6 26. Qd2 Rae8 27. R1c3 Kg7 28. Bc1 Rh8 29. R3c6 Qf5 30. Bd3 Nxf3 31. gxf3 Qxf3+ 32. Qg2 Qxg2+ 33. Kxg2 Reg8 34. Rg6+ Kf8 35. Rxg8+ Rxg8 36. e4 dxe4 37. Bxe4 Rg4 38. Bb7 Rxd4 39. Bxa6 Rd1 40. Bf4 Rg1+ 41. Kf3 Rf1+ 42. Ke4 g2 43. Bxh2 Rh1 44. Rc5 Rxh2 45. Rg5 Rh3 46. Rxg2 Rxa3 47. Bxb5 Rb3 48. Be2 Rxb4+ 49. Ke3 f6 50. Rh2 Kg7 51. Rg2+ Kf7 52. Bh5+ Ke6 53. Rg7 Rh4 54. Be8 Ke5 55. Rf7 Kf5 56. Kd3 Kg5 57. Ra7 Rb4 58. Bd7 Kg6 59. Ra6 Kg5 60. Ra5+ Kg6 61. Bf5+ Kg5 62. Bd7+ Kg6 63. Ke3 Kg7 64. Bf5 Kh6 65. Bc8 Kg7 66. Bf5 {Game drawn by mutual agreement} 1/2-1/2